 Dungeon Crawl Stone Soup version 0.19-a0-1899-g2d93087 (webtiles) character file.

43 rme2001 the Ducker (level 3, -5/28 HPs)
             Began as a Merfolk Gladiator on Oct 19, 2016.
             Killed from afar by an adder (30 damage)
             ... with an exploding inner flame
             ... hexed by the player character
             ... on level 2 of the Dungeon.
             The game lasted 00:04:59 (1060 turns).

rme2001 the Ducker (Merfolk Gladiator)              Turns: 1060, Time: 00:04:59

Health: -5/28      AC:  4    Str: 17    XL:     3   Next: 58%
Magic:  3/3        EV: 14    Int:  3    God:
Gold:   45         SH:  0    Dex: 15    Spells: 0 memorised, 2 levels left

rFire  . . .     SeeInvis .     i - +2 dagger (drain)
rCold  . . .     Gourm    .     b - +0 leather armour
rNeg   . . .     Faith    .     (no shield)
rPois  .         Spirit   .     c - +0 helmet
rElec  .         Reflect  .     (no cloak)
rCorr  .         Harm     .     (no gloves)
MR     .....                    (no boots)
Stlth  +.........               (no amulet)
                                h - -4 ring of intelligence (curse)
                                e - +2 ring of strength

@: no status effects
A: change form in water, swift swim, stealthy swim
a: no special abilities


You were on level 2 of the Dungeon.
You were hungry.

You visited 1 branch of the dungeon, and saw 3 of its levels.

You collected 45 gold pieces.

Inventory:

Hand Weapons
 a - a +0 long sword
 i - a +2 dagger of draining (weapon)
Missiles
 d - 3 throwing nets (quivered)
Armour
 b - a +0 leather armour (worn)
 c - a +0 helmet (worn)
Jewellery
 e - a +2 ring of strength (left hand)
 h - a cursed -4 ring of intelligence (right hand)
Books
 j - a book of Changes

   Spells                             Type                      Level
   a - Beastly Appendage              Transmutation                1
   b - Sticks to Snakes               Transmutation                2
   c - Spider Form                    Transmutation/Poison         3
   d - Ice Form                       Ice/Transmutation            4
   e - Blade Hands                    Transmutation                5
Comestibles
 f - a bread ration
 g - 2 royal jellies
 k - 6 chunks of flesh


   Skills:
 + Level 2.9 Fighting
 + Level 1.6(3.0) Short Blades
 - Level 3.5(3.7) Long Blades
 - Level 2.0 Throwing
 + Level 4.7 Dodging


You had 2 spell levels left.
You didn't know any spells.

Dungeon Overview and Level Annotations

Branches:
Dungeon (3/15)

Altars:
Fedhas


Message History

There is a stone staircase leading up here.
You climb upwards.
There is a stone staircase leading down here.
An adder comes into view.
As you read the scroll labeled LAOMAIRPHUA, it crumbles to dust.
The creatures around you are filled with an inner flame!
It was a scroll of immolation.
The adder hisses angrily.
The adder barely misses you.
You barely miss the adder.
You are feeling hungry.
The adder closely misses you.
You hit the adder.
The adder is moderately wounded.
The adder closely misses you.
You hit the adder. You drain the adder!
The adder explodes!
The fiery explosion engulfs you!
Ouch! That really hurt!
You die...

# ##.#..######..##.# #.##
###..#..# #.....# #.#
#...#..## #...### #.#
#.###..#######..## #.#
#.#.....#.......## #.###
#...###...#####..# ##...##
#.### ##.<# #..# ##.....## ..#
###..# #..# #.......#
..####....# #§@# #......>#
#......##.# #§.# #.....(.#
.#.#.####.######§### ##.....##
...#.## #....##....# #.......#
......######..#....###.......#
.###......###.............>..#
.# #####............###.....##
.## #..###.....>.# ##...##
..#######.####.....## #####


There were no monsters in sight!

Vanquished Creatures
  An adder (D:2)
  2 worms (D:2)
  3 leopard geckos
  2 hobgoblins (D:1)
  3 jackals (D:2)
  4 bats
  2 frilled lizards
  A goblin (D:1)
  6 kobolds
  3 rats
27 creatures vanquished.

Notes
Turn   | Place    | Note
-------+----------+-------------------------------------------
     0 | D:1      | rme2001 the Merfolk Gladiator began the quest for the Orb.
     0 | D:1      | Reached XP level 1. HP: 16/16 MP: 1/1
   137 | D:1      | Reached XP level 2. HP: 16/22 MP: 2/2
   645 | D:2      | Reached skill level 1 in Short Blades
   645 | D:2      | Reached XP level 3. HP: 19/28 MP: 3/3
   839 | D:2      | Found a blossoming altar of Fedhas.
  1060 | D:2      | Killed from afar by an adder

Vault maps used:
D:1:      dpeg_arrival_tiny_h, minmay_pentomino_t4
D:2:      nicolae_overflow_crystal_walls, amethyst_killhole, fedhas_altar_3
D:3:      corexii_shack_village, xom_butterflies, st_stairs_6,
          cheibrodos_gnoll_hut

Skill      XL: |  1  2 |
---------------+-------+-----
Short Blades   | 1 |  1.6
Fighting       | |  2.9
Long Blades    | |  3.5
Throwing       | |  2.0
Dodging        | |  4.7

Action                   || total
-------------------------++-------
Melee: Long sword        ||     8
       Dagger            ||    63
  Use: Scroll            ||     4
       Potion            ||     3
Armor: Leather armour    ||    10
Dodge: Dodged            ||    45
